[Event "Titled Tuesday Blitz June 13 Early 2023"]
[White "Lintchevski, Daniil"]
[Black "Stribuk, Artiom"]
[WhiteFideId "4171055"]
[BlackFideId "13515659"]
[WhiteElo "2559"]
[BlackElo "2303"]
[Result "1/2-1/2"]
[Round "11"]
[TimeControl "180+2"]
[Date "2023.06.13"]
[WhiteClock "0:01:20"]
[BlackClock "0:00:03"]
[Board "16"]

1. e4 c5 2. c3 Nf6 3. e5 Nd5 4. d4 cxd4 5. cxd4 d6 6. Bc4 Nb6 7. Bb3 Nc6 8. e6 fxe6 9. Nf3 Na5 10. Bc2 Bd7 11. Nc3 Qc7 12. Ng5 g6 13. Qf3 O-O-O 14. Nf7 Bg7 15. Nxh8 Rxh8 16. Be3 Nac4 17. O-O Kb8 18. Bb3 Nxb2 19. Rac1 Nd3 20. Nd5 Qd8 21. Nxb6 axb6 22. Rb1 Rf8 23. Qe2 Nf4 24. Bxf4 Rxf4 25. Bxe6 Bxd4 26. g3 Rf8 27. Bxd7 Qxd7 28. Qe4 e5 29. Kg2 Bc5 30. Qd5 Qc6 31. Rbd1 Kc7 32. f4 Qxd5+ 33. Rxd5 Kc6 34. Rd2 e4 35. Rfd1 h5 36. a4 Ra8 37. Rd5 Rxa4 38. Rg5 Ra2+ 39. Kh3 e3 40. Rxg6 e2 41. Rc1 Kd5 42. f5 Be3 43. Rb1 Bd2 44. Re6 e1=Q 45. Rbxe1 Bxe1 46. Rxe1 Rf2 47. g4 hxg4+ 48. Kxg4 Rxh2 49. Kg5 Rg2+ 50. Kf6 b5 51. Ke7 b4 52. f6 Kc4 53. Re4+ Kc3 54. Rf4 Rh2 55. f7 Rh8 56. Rf3+ Kc4 57. Rf4+ Kc3 58. Rf3+ Kc2 59. Rf2+ Kc3 60. Kxd6 b3 61. Rf3+ Kc2 62. Rf2+ Kc3 63. Rf3+ Kc2 64. f8=Q Rxf8 65. Rxf8 b2 66. Rf2+ Kc3 67. Rf3+ Kc2 68. Rf2+ Kb3 69. Rf1 b5 70. Kc5 Ka2 71. Rf2 Ka1 72. Rxb2 Kxb2 73. Kb4 Kc2 74. Kxb5 1/2-1/2


[Site "https://www.chess.com"]

[Event "Titled Tuesday Blitz June 13 Early 2023"]
[White "Nazari, Arad"]
[Black "Zhigalko, Sergei"]
[WhiteFideId "12577324"]
[BlackFideId "13502956"]
[WhiteElo "2175"]
[BlackElo "2626"]
[Result "1-0"]
[Round "11"]
[TimeControl "180+2"]
[Date "2023.06.13"]
[WhiteClock "0:00:23"]
[BlackClock "0:00:04"]
[Board "17"]

1. e4 c5 2. Nf3 Nc6 3. Bb5 Nf6 4. Bxc6 dxc6 5. d3 Bg4 6. h3 Bh5 7. Nbd2 Qc7 8. Nf1 e6 9. Ng3 Bg6 10. O-O Bd6 11. Qe1 Nd7 12. b3 f6 13. Bb2 O-O 14. a4 Rad8 15. Nd2 b5 16. Ne2 e5 17. axb5 cxb5 18. Nc3 Qb7 19. Nd5 Nb6 20. Nxb6 axb6 21. c4 b4 22. Qe2 Rf7 23. Rfd1 Rdf8 24. g4 Rd8 25. Nf1 Rff8 26. Ng3 Ra8 27. h4 Rfd8 28. h5 Bf7 29. Nf5 Bf8 30. f3 g6 31. hxg6 hxg6 32. Ne3 Bh6 33. Kg2 Bf4 34. Nd5 Bxd5 35. exd5 Rxa1 36. Rxa1 Ra8 37. Rh1 Ra2 38. Qc2 e4 39. Qb1 Qa7 40. Kf1 exf3 41. d4 Kg7 42. dxc5 bxc5 43. Rh3 Be5 44. Qc1 g5 45. Bxe5 Kg8 46. Bxf6 Qa3 47. Qxg5+ Kf7 48. Rh7+ Ke8 49. Qg8# 1-0


[Site "https://www.chess.com"]

[Event "Titled Tuesday Blitz June 13 Early 2023"]
[White "Agibileg, Uurtsaikh"]
[Black "Matlakov, Maxim"]
[WhiteFideId "4901606"]
[BlackFideId "4168003"]
[WhiteElo "2353"]
[BlackElo "2666"]
[Result "0-1"]
[Round "11"]
[TimeControl "180+2"]
[Date "2023.06.13"]
[WhiteClock "0:00:12"]
[BlackClock "0:01:17"]
[Board "18"]

1. d4 e6 2. c4 b6 3. Nc3 Bb4 4. e4 Bb7 5. Bd3 Nf6 6. f3 Bxc3+ 7. bxc3 d6 8. Ne2 Nc6 9. O-O Qd7 10. Be3 Na5 11. a4 Ba6 12. f4 Nxc4 13. Bxc4 Bxc4 14. e5 Nd5 15. Bd2 a5 16. Ng3 Bxf1 17. Qxf1 Ne7 18. Nh5 Rg8 19. Qd3 O-O-O 20. Qa6+ Kb8 21. c4 Qc6 22. Rb1 dxe5 23. Bxa5 Nc8 24. c5 Qe4 25. Qf1 Qxd4+ 26. Kh1 Qxc5 27. Bb4 Qc2 28. a5 Qd3 29. Qg1 Rd5 30. axb6 Nxb6 31. fxe5 Rgd8 32. Nf4 Qxb1 0-1


[Site "https://www.chess.com"]

[Event "Titled Tuesday Blitz June 13 Early 2023"]
[White "Vlassov, Nikolai"]
[Black "Ivanchuk, Vasyl"]
[WhiteFideId "4103360"]
[BlackFideId "14100010"]
[WhiteElo "2324"]
[BlackElo "2710"]
[Result "0-1"]
[Round "11"]
[TimeControl "180+2"]
[Date "2023.06.13"]
[WhiteClock "0:00:21"]
[BlackClock "0:00:18"]
[Board "19"]

1. e4 e5 2. Bc4 Nf6 3. d3 Bc5 4. Nf3 d6 5. Bg5 Nbd7 6. Nc3 c6 7. O-O O-O 8. d4 exd4 9. Nxd4 Re8 10. Re1 Qb6 11. Na4 Qb4 12. b3 Rxe4 13. Rxe4 Nxe4 14. Be3 d5 15. a3 Qa5 16. Nxc5 Qxc5 17. Bd3 Qe7 18. Qh5 Ndf6 19. Qh4 Bd7 20. Re1 Re8 21. f3 Nc5 22. Bf2 Qf8 23. Nf5 Rxe1+ 24. Bxe1 Nxd3 25. Nh6+ gxh6 26. cxd3 Qc5+ 27. d4 Qc1 28. Qg3+ Qg5 29. Qb8+ Kg7 30. Bg3 Qe3+ 31. Kf1 Bf5 0-1


[Site "https://www.chess.com"]

[Event "Titled Tuesday Blitz June 13 Early 2023"]
[White "Bacrot, Etienne"]
[Black "Kvaloy, Aksel Bu"]
[WhiteFideId "605506"]
[BlackFideId "1528815"]
[WhiteElo "2672"]
[BlackElo "2318"]
[Result "1-0"]
[Round "11"]
[TimeControl "180+2"]
[Date "2023.06.13"]
[WhiteClock "0:01:58"]
[BlackClock "0:01:05"]
[Board "20"]

1. e4 e5 2. Nf3 Nc6 3. Bc4 Nf6 4. d3 h6 5. Nc3 Bb4 6. O-O Bxc3 7. bxc3 d6 8. Re1 O-O 9. d4 Bg4 10. h3 Bxf3 11. Qxf3 exd4 12. cxd4 Nxd4 13. Qd3 Nc6 14. Qg3 Ne5 15. Bb3 Kh8 16. f4 Nc6 17. Bb2 Na5 18. e5 dxe5 19. fxe5 Nh5 20. Qf3 Nxb3 21. axb3 Qg5 22. Ra4 Qg3 23. Re3 Qxf3 24. Rxf3 g5 25. e6+ Kh7 26. Ba3 Rfe8 27. exf7 1-0


[Site "https://www.chess.com"]

[Event "Titled Tuesday Blitz June 13 Early 2023"]
[White "Timofeev, Artyom"]
[Black "Ahmad, Khagan"]
[WhiteFideId "4140419"]
[BlackFideId "13431552"]
[WhiteElo "2570"]
[BlackElo "2209"]
[Result "1-0"]
[Round "11"]
[TimeControl "180+2"]
[Date "2023.06.13"]
[WhiteClock "0:01:54"]
[BlackClock "0:00:19"]
[Board "21"]

1. c4 Nf6 2. Nc3 e5 3. Nf3 Nc6 4. d3 Bb4 5. Bd2 d6 6. g3 O-O 7. Bg2 h6 8. O-O Re8 9. h3 Bf5 10. e4 Be6 11. a3 Bxc3 12. Bxc3 Nb8 13. b4 c6 14. c5 dxc5 15. bxc5 Nbd7 16. Nxe5 Nxc5 17. Rb1 Qd6 18. Qc2 Rad8 19. d4 Ncxe4 20. Bxe4 Nxe4 21. Qxe4 f6 22. Rxb7 fxe5 23. Qg6 Re7 24. Bb4 1-0


[Site "https://www.chess.com"]

[Event "Titled Tuesday Blitz June 13 Early 2023"]
[White "Skawinski, Arkadiusz"]
[Black "Miladinovic, Igor"]
[WhiteFideId "1126415"]
[BlackFideId "4203380"]
[WhiteElo "2218"]
[BlackElo "2568"]
[Result "1-0"]
[Round "11"]
[TimeControl "180+2"]
[Date "2023.06.13"]
[WhiteClock "0:00:40"]
[BlackClock "0:00:00"]
[Board "22"]

1. e4 c6 2. Nf3 d5 3. Nc3 dxe4 4. Nxe4 Nf6 5. Qe2 Nxe4 6. Qxe4 Qd5 7. Qh4 Qe6+ 8. Be2 Qg4 9. Qg3 h5 10. b3 h4 11. Qxg4 Bxg4 12. h3 Bxf3 13. Bxf3 Nd7 14. Bb2 e6 15. O-O-O Rg8 16. Rhe1 Be7 17. d4 O-O-O 18. c4 Bf6 19. d5 Bxb2+ 20. Kxb2 cxd5 21. cxd5 e5 22. Bg4 f6 23. Be6 Rge8 24. Re4 g5 25. Rc4+ Kb8 26. Bf5 Nb6 27. Rc5 Rd6 28. a4 Red8 29. Be4 Nc8 30. Rdc1 Ne7 31. Rc7 R8d7 32. R7c5 a6 33. g4 hxg3 34. fxg3 f5 35. Bg2 e4 36. g4 Rxd5 37. Rxd5 Rxd5 38. gxf5 Re5 39. f6 Ng6 40. Re1 e3 41. f7 Kc7 42. Kc3 Kd6 43. Kd4 e2 44. Bxb7 a5 45. Ba6 Rf5 46. Bc4 Nf4 47. Ke4 Rf6 48. Bxe2 Rxf7 49. Rd1+ Kc5 50. Bg4 Kb4 51. Rd7 Rxd7 52. Bxd7 Kxb3 53. h4 1-0


[Site "https://www.chess.com"]

[Event "Titled Tuesday Blitz June 13 Early 2023"]
[White "Ilamparthi A R"]
[Black "Parpiev, Isaak"]
[WhiteFideId "45015775"]
[BlackFideId "34281576"]
[WhiteElo "2348"]
[BlackElo "2167"]
[Result "1-0"]
[Round "11"]
[TimeControl "180+2"]
[Date "2023.06.13"]
[WhiteClock "0:00:09"]
[BlackClock "0:00:00"]
[Board "23"]

1. e4 e6 2. d3 d5 3. Nd2 Nf6 4. Ngf3 Be7 5. g3 O-O 6. Bg2 c5 7. O-O Nc6 8. Re1 b5 9. exd5 exd5 10. d4 c4 11. a4 b4 12. Ne5 Nxd4 13. Ndxc4 Bc5 14. Ne3 Bb7 15. Nd3 Bd6 16. Nf4 Bxf4 17. Qxd4 Bc7 18. Bd2 a5 19. Nf5 Bb6 20. Ne7+ Kh8 21. Qh4 Re8 22. Nf5 Ne4 23. Qxd8 Raxd8 24. Be3 d4 25. Bf4 d3 26. cxd3 Nxf2 27. Rxe8+ Rxe8 28. Bxb7 Nxd3+ 29. Kf1 Nxf4 30. gxf4 g6 31. Ng3 Re7 32. Bd5 Kg7 33. Rd1 f5 34. b3 Re3 35. Ne2 Re7 36. Bc4 Bc7 37. Rd5 Kf6 38. Rc5 Kg7 39. Nd4 1-0


[Site "https://www.chess.com"]

[Event "Titled Tuesday Blitz June 13 Early 2023"]
[White "Elsa167"]
[Black "Arat, Ufuk Sezen"]
[BlackFideId "6309089"]
[WhiteElo "2896"]
[BlackElo "2289"]
[Result "0-1"]
[Round "11"]
[TimeControl "180+2"]
[Date "2023.06.13"]
[WhiteClock "0:00:00"]
[BlackClock "0:00:10"]
[Board "24"]

1. d4 Nf6 2. c4 g6 3. Nc3 d5 4. Nf3 Bg7 5. Bg5 Ne4 6. cxd5 Nxg5 7. Nxg5 e6 8. Qd2 h6 9. Nf3 exd5 10. Qe3+ Be6 11. g3 O-O 12. h4 Re8 13. Qd2 c5 14. e3 Nc6 15. Bb5 cxd4 16. Nxd4 Nxd4 17. exd4 Bd7+ 18. Be2 Qb6 19. O-O-O Rac8 20. Kb1 Be6 21. Bf3 Red8 22. Rc1 Bf8 23. Ka1 Bb4 24. Qxh6 Qxd4 25. Qe3 Qg7 26. Ne2 Rxc1+ 27. Nxc1 d4 28. Qd3 Bf5 29. Be4 Be6 30. Rd1 Rc8 31. Qb5 Bf8 32. Qxb7 Rd8 33. Nd3 Bc4 34. Qc7 Bxd3 35. Rxd3 Re8 36. f3 f5 37. Bd5+ Kh7 38. Qxg7+ Bxg7 39. b4 Re3 40. Bc4 Re1+ 41. Kb2 f4 42. gxf4 Rh1 43. Ra3 d3+ 44. Kb3 Rb1+ 45. Ka4 d2 46. Be2 Re1 47. Bd1 Rxd1 48. Rd3 Bc3 49. Kb3 Rb1+ 50. Kc2 Rc1+ 51. Kb3 d1=Q+ 0-1


[Site "https://www.chess.com"]

[Event "Titled Tuesday Blitz June 13 Early 2023"]
[White "Wojtaszek, Radoslaw"]
[Black "Itgelt, Khuyagtsogt"]
[WhiteFideId "1118358"]
[BlackFideId "4902912"]
[WhiteElo "2586"]
[BlackElo "2227"]
[Result "1/2-1/2"]
[Round "11"]
[TimeControl "180+2"]
[Date "2023.06.13"]
[WhiteClock "0:00:20"]
[BlackClock "0:00:53"]
[Board "25"]

1. e4 e6 2. d4 d5 3. exd5 exd5 4. Nf3 Nc6 5. Bd3 Bd6 6. O-O Nge7 7. c3 Bg4 8. h3 Bh5 9. Re1 Qd7 10. Nbd2 f6 11. b4 O-O 12. Qc2 Bg6 13. a4 Rae8 14. Nf1 Bxd3 15. Qxd3 Qf5 16. Qxf5 Nxf5 17. Bd2 h5 18. g4 hxg4 19. hxg4 Nfe7 20. Ng3 Bxg3 21. fxg3 g5 22. Nh2 Nc8 23. Rxe8 Rxe8 24. Re1 Rxe1+ 25. Bxe1 Nd6 26. Nf1 Nc4 27. Kf2 Kf7 28. Ke2 a6 29. Ne3 Nxe3 30. Kxe3 b5 31. axb5 axb5 32. Kf3 Ke6 33. Bd2 Ne7 34. Be1 Nc8 35. Bd2 Nd6 36. Be1 Ne4 37. Ke3 f5 38. Kf3 Nf6 39. gxf5+ Kxf5 40. Bd2 Ng4 41. Be1 Nh2+ 42. Kg2 Ng4 43. Kf3 c6 44. Bd2 Nf6 45. Be1 g4+ 46. Ke3 Ne4 47. Ke2 Ng5 48. Ke3 Nf3 49. Bf2 Nh2 50. Be1 Nf3 51. Bf2 1/2-1/2


[Site "https://www.chess.com"]

[Event "Titled Tuesday Blitz June 13 Early 2023"]
[White "Haug, Havard"]
[Black "Krzyzanowski, Marcin"]
[WhiteFideId "1547887"]
[BlackFideId "1132199"]
[WhiteElo "2396"]
[BlackElo "2471"]
[Result "0-1"]
[Round "11"]
[TimeControl "180+2"]
[Date "2023.06.13"]
[WhiteClock "0:00:42"]
[BlackClock "0:01:11"]
[Board "26"]

1. e4 g6 2. d4 Bg7 3. Nc3 c6 4. Nf3 d5 5. Be2 dxe4 6. Nxe4 Nf6 7. Nxf6+ exf6 8. O-O O-O 9. c3 Nd7 10. Re1 a5 11. Bf4 Nb6 12. Qd2 a4 13. Bh6 Be6 14. Bd3 Bd5 15. Bxg7 Kxg7 16. Qf4 Qd7 17. Re2 Rfe8 18. Rae1 Rxe2 19. Rxe2 Bxa2 20. h4 h5 21. Nh2 Be6 22. Re3 Nd5 23. Qg3 Nxe3 24. fxe3 a3 25. bxa3 Rxa3 26. Be2 Rxc3 27. Bxh5 Rc1+ 28. Kf2 Bc4 29. Bf3 Qf5 30. Qd6 Bd5 31. Ng4 Bxf3 32. gxf3 Qc2+ 33. Kg3 Rg1+ 34. Kf4 Qf5# 0-1


[Site "https://www.chess.com"]

[Event "Titled Tuesday Blitz June 13 Early 2023"]
[White "Belov, Alexei"]
[Black "Kosakowski, Jakub"]
[WhiteFideId "4128206"]
[BlackFideId "1185080"]
[WhiteElo "2642"]
[BlackElo "2488"]
[Result "0-1"]
[Round "11"]
[TimeControl "180+2"]
[Date "2023.06.13"]
[WhiteClock "0:01:43"]
[BlackClock "0:02:08"]
[Board "27"]

1. e4 c6 2. d4 d5 3. Nd2 dxe4 4. Nxe4 Nf6 5. Nxf6+ exf6 6. c3 Bd6 7. Bd3 O-O 8. Ne2 Re8 9. Qc2 h5 10. Be3 Nd7 11. O-O-O b5 12. d5 c5 13. Bxb5 Rb8 14. c4 a6 15. Ba4 Re5 16. Ng3 Nb6 17. Bc6 h4 18. Ne4 Bf5 19. f3 Qe7 20. b3 Bxe4 21. fxe4 Rxe4 22. Bd2 Nxc4 23. bxc4 Qe5 24. Qc3 Rxc4 25. Kc2 Qe4+ 0-1


[Site "https://www.chess.com"]

[Event "Titled Tuesday Blitz June 13 Early 2023"]
[White "Pastar, Slaven"]
[Black "Vignesh N R"]
[WhiteFideId "14402718"]
[BlackFideId "25012215"]
[WhiteElo "2219"]
[BlackElo "2415"]
[Result "1/2-1/2"]
[Round "11"]
[TimeControl "180+2"]
[Date "2023.06.13"]
[WhiteClock "0:00:15"]
[BlackClock "0:00:41"]
[Board "28"]

1. b3 e5 2. Bb2 Nc6 3. Nf3 e4 4. Nd4 Nf6 5. e3 Nxd4 6. Bxd4 Be7 7. c4 O-O 8. Nc3 Re8 9. Rc1 c6 10. c5 d5 11. cxd6 Bxd6 12. Qc2 Bf5 13. d3 exd3 14. Bxd3 Bxd3 15. Qxd3 Bb4 16. Qc4 Nd5 17. O-O b5 18. Qe2 Nf4 19. Qg4 Ne6 20. Bxg7 Nxg7 21. Qxb4 Qg5 22. Qf4 Qxf4 23. exf4 Ne6 24. g3 Nd4 25. Kg2 a5 26. Rfd1 Ne2 27. Nxe2 Rxe2 28. Rxc6 Rxa2 29. Rc5 b4 30. Rdd5 Ra3 31. h4 Rxb3 32. Rxa5 Rxa5 33. Rxa5 Rb1 34. Rb5 b3 35. h5 h6 36. Kf3 b2 37. Kg4 Kg7 38. Rb6 Kg8 39. Kf5 Kg7 40. Rb7 Rh1 41. Rxb2 Rxh5+ 42. Kg4 Ra5 43. Re2 Rb5 44. Re5 Rb2 45. Kf3 Rb3+ 46. Re3 Rb5 47. g4 Ra5 48. f5 h5 49. gxh5 Rxf5+ 50. Kg4 Rxf2 51. Rh3 Kh6 52. Kg3 Rf5 53. Rh2 Rxh5 54. Rxh5+ Kxh5 55. Kf4 Kg6 56. Kg4 Kf6 57. Kf4 Ke6 58. Ke4 Ke7 59. Ke5 Kf8 60. Kf6 Kg8 61. Kf5 Kh7 62. Kf6 Kg8 63. Kf5 Kg7 64. Kg5 f6+ 65. Kf5 Kf7 66. Kf4 Ke6 67. Ke4 f5+ 68. Kf4 Kf6 69. Kf3 Ke5 70. Ke3 Kf6 71. Kf4 Kg6 72. Kf3 Kg5 73. Kg3 f4+ 74. Kf3 Kf5 75. Kf2 Ke4 76. Ke2 f3+ 77. Kf2 Kf4 78. Kf1 Kg4 79. Kf2 Kf4 80. Kf1 Kf5 81. Kf2 Ke4 82. Kf1 Ke3 83. Ke1 Kd3 84. Kf2 Ke4 85. Kf1 Kf5 86. Kf2 Kg4 87. Kf1 Kh3 88. Kf2 Kg4 89. Kf1 Kg3 90. Kg1 Kh3 91. Kf2 Kg4 1/2-1/2


[Site "https://www.chess.com"]

[Event "Titled Tuesday Blitz June 13 Early 2023"]
[White "Rahman, Masruri"]
[Black "Budrewicz, Krzysztof"]
[WhiteFideId "7101163"]
[BlackFideId "1127950"]
[WhiteElo "2256"]
[BlackElo "2230"]
[Result "1-0"]
[Round "11"]
[TimeControl "180+2"]
[Date "2023.06.13"]
[WhiteClock "0:00:46"]
[BlackClock "0:01:16"]
[Board "29"]

1. d4 Nf6 2. Bf4 g6 3. Nc3 d6 4. e4 Bg7 5. Qd2 O-O 6. O-O-O a6 7. Bh6 b5 8. f3 Nbd7 9. e5 Ne8 10. h4 e6 11. h5 Bxh6 12. Qxh6 g5 13. Bd3 f5 14. exf6 Nexf6 15. Nh3 Qe7 16. Nxg5 Nb6 17. Rde1 b4 18. Nce4 Nbd5 19. Nxf6+ Nxf6 20. Bf5 e5 21. dxe5 dxe5 22. Rxe5 Qg7 23. Qxg7+ Kxg7 24. Re7+ Kg8 25. Bxh7+ Nxh7 26. Nxh7 Bf5 27. Nxf8 1-0


[Site "https://www.chess.com"]

[Event "Titled Tuesday Blitz June 13 Early 2023"]
[White "Gontcharov, Vladislav"]
[Black "Weetik, Vjacheslav"]
[WhiteFideId "4123492"]
[BlackFideId "4153472"]
[WhiteElo "2420"]
[BlackElo "2469"]
[Result "0-1"]
[Round "11"]
[TimeControl "180+2"]
[Date "2023.06.13"]
[WhiteClock "0:00:00"]
[BlackClock "0:00:08"]
[Board "30"]

1. d4 Nf6 2. c4 g6 3. Nc3 Bg7 4. Nf3 d6 5. Bg5 h6 6. Bh4 g5 7. Bg3 Nh5 8. e3 e6 9. Be2 Nd7 10. Nd2 Nxg3 11. hxg3 Qe7 12. Qc2 a6 13. Bf3 c5 14. Nb3 O-O 15. Rd1 Rb8 16. O-O b6 17. Rd2 f5 18. Rfd1 Nf6 19. a4 Bd7 20. a5 cxd4 21. Nxd4 Rfc8 22. axb6 Rxb6 23. b3 h5 24. Qd3 Be8 25. Ra1 Bg6 26. Rda2 Kh7 27. Rxa6 Rxa6 28. Rxa6 g4 29. Be2 f4 30. Qd2 fxg3 31. fxg3 Nd7 32. Ra7 Qe8 33. Bd3 Nc5 34. Bxg6+ Qxg6 35. Nce2 Ne4 36. Qd3 Rf8 37. Nf4 Rxf4 38. gxf4 g3 39. Nxe6 Qxe6 40. Qd5 Qxd5 41. cxd5 Kg6 42. b4 Nc3 43. Kf1 h4 44. Rd7 Bf8 45. Rc7 Nxd5 46. Rc6 Nxe3+ 47. Ke2 Nxg2 48. Kf3 Ne1+ 49. Ke2 g2 50. Kf2 h3 0-1


[Site "https://www.chess.com"]

[Event "Titled Tuesday Blitz June 13 Early 2023"]
[White "Hajiyev, Kanan"]
[Black "Maximov, Dmitry"]
[WhiteFideId "13404148"]
[BlackFideId "14105659"]
[WhiteElo "2115"]
[BlackElo "2494"]
[Result "1-0"]
[Round "11"]
[TimeControl "180+2"]
[Date "2023.06.13"]
[WhiteClock "0:00:19"]
[BlackClock "0:00:42"]
[Board "31"]

1. d4 Nf6 2. Nf3 g6 3. c4 Bg7 4. g3 O-O 5. Bg2 d6 6. O-O Nbd7 7. b3 e5 8. Bb2 e4 9. Ne1 Re8 10. d5 h5 11. Nc2 h4 12. Bd4 Nf8 13. Nc3 N8h7 14. gxh4 Bf5 15. Ne3 Qd7 16. Nxf5 Qxf5 17. e3 Nh5 18. Bxg7 Nxg7 19. Qd4 Nf6 20. f3 Re5 21. fxe4 Qg4 22. Rxf6 Qxh4 23. Rf4 Qh6 24. Raf1 Rf8 25. Nb5 Nh5 26. Rg4 a6 27. Nc3 Rfe8 28. Ne2 Qg7 29. Ng3 Nf6 30. Rgf4 Nd7 31. Rxf7 Qxf7 32. Rxf7 Kxf7 33. b4 b6 34. Bh3 Nf6 35. Be6+ Kg7 36. c5 bxc5 37. bxc5 Kh6 38. cxd6 cxd6 39. Qb6 Nxe4 40. Nxe4 Rxe4 41. Qxd6 a5 42. Kf2 Ra4 43. a3 Rc4 44. Kg3 Rc3 45. Qf4+ 1-0


[Site "https://www.chess.com"]

[Event "Titled Tuesday Blitz June 13 Early 2023"]
[White "Shuvalova, Polina"]
[Black "Sowul, Bartosz"]
[WhiteFideId "24171760"]
[BlackFideId "1137590"]
[WhiteElo "2281"]
[BlackElo "2188"]
[Result "0-1"]
[Round "11"]
[TimeControl "180+2"]
[Date "2023.06.13"]
[WhiteClock "0:00:11"]
[BlackClock "0:00:18"]
[Board "32"]

1. e4 c5 2. Nf3 d6 3. Bb5+ Nd7 4. O-O a6 5. Bxd7+ Bxd7 6. d4 cxd4 7. Qxd4 Nf6 8. Bg5 e6 9. c4 Be7 10. Nc3 O-O 11. Rad1 Bc6 12. Rfe1 Qa5 13. Bd2 Qh5 14. h3 b5 15. cxb5 axb5 16. a3 Qc5 17. Qd3 Rfd8 18. Be3 Qc4 19. Nd4 Qxd3 20. Rxd3 Bxe4 21. Nxe4 Nxe4 22. Nxb5 Rdb8 23. Bd4 d5 24. f3 Nc5 25. Bxc5 Bxc5+ 26. Nd4 Ra4 27. b4 Bxd4+ 28. Rxd4 Rxa3 29. Rb1 Rb5 30. Kf2 g6 31. h4 h5 32. Rd2 Ra4 33. Rdb2 Kg7 34. Rb3 Kf6 35. R1b2 Ke5 36. Ke3 d4+ 37. Kd3 Kd5 38. f4 Ra1 39. Re2 f6 40. Rbb2 Ra4 41. Rec2 Raxb4 42. Rxb4 Rxb4 43. Rc8 Rb3+ 44. Ke2 e5 45. fxe5 fxe5 46. Rg8 Ke4 47. Rxg6 Rb2+ 48. Ke1 d3 49. Rg5 Kd4 50. g4 e4 51. gxh5 e3 52. Rg4+ Kc3 53. Kf1 Rb1+ 54. Kg2 e2 55. Re4 e1=Q 56. Rxe1 Rxe1 57. h6 Re6 0-1


[Site "https://www.chess.com"]

[Event "Titled Tuesday Blitz June 13 Early 2023"]
[White "Djordjevic, Vuk"]
[Black "Arabidze, Meri"]
[WhiteFideId "902098"]
[BlackFideId "13604040"]
[WhiteElo "2463"]
[BlackElo "2405"]
[Result "1-0"]
[Round "11"]
[TimeControl "180+2"]
[Date "2023.06.13"]
[WhiteClock "0:00:15"]
[BlackClock "0:00:03"]
[Board "33"]

1. d4 Nf6 2. Bg5 d5 3. Bxf6 exf6 4. e3 Bd6 5. c4 dxc4 6. Bxc4 O-O 7. Nc3 Nd7 8. Nf3 c6 9. O-O f5 10. Qc2 Nf6 11. Rfd1 a6 12. a4 b6 13. Ne5 Qe8 14. f4 g6 15. Qb3 Rb8 16. Rdc1 b5 17. axb5 axb5 18. Be2 Be6 19. Qd1 c5 20. Ra6 cxd4 21. Qxd4 Bxe5 22. fxe5 Rd8 23. Rd6 Ng4 24. h3 Nh6 25. Qh4 Kg7 26. Bxb5 Rxd6 27. Qf6+ Kg8 28. Bxe8 Rd2 29. Bc6 Rc8 30. Bb7 Rb8 31. Bf3 f4 32. Ne4 Rdxb2 33. Ng5 R2b6 34. Qxf4 Nf5 35. Kh2 Rb4 36. e4 Nd4 37. Rc7 Rf8 38. Bg4 Bxg4 39. Rxf7 Ne6 40. Rxf8+ Nxf8 41. Qf7+ Kh8 42. Qxf8# 1-0


[Site "https://www.chess.com"]

[Event "Titled Tuesday Blitz June 13 Early 2023"]
[White "Shubenkova, Veronika"]
[Black "Quintiliano Pinto, Renato R."]
[WhiteFideId "44124040"]
[BlackFideId "2117568"]
[WhiteElo "2060"]
[BlackElo "2459"]
[Result "1/2-1/2"]
[Round "11"]
[TimeControl "180+2"]
[Date "2023.06.13"]
[WhiteClock "0:00:05"]
[BlackClock "0:00:00"]
[Board "34"]

1. e4 c5 2. Nc3 Nc6 3. g3 g6 4. Bg2 Bg7 5. d3 d6 6. f4 e6 7. Nf3 Nge7 8. O-O O-O 9. Rb1 Rb8 10. Ne2 b5 11. h3 b4 12. Be3 a5 13. g4 f5 14. Ng3 Qc7 15. Qd2 a4 16. b3 axb3 17. axb3 Ra8 18. exf5 exf5 19. gxf5 Nxf5 20. Nxf5 Bxf5 21. Nh4 Be6 22. Qe2 Rae8 23. Qf3 Bd4 24. Bf2 Bxf2+ 25. Rxf2 Nd4 26. Qg3 Qg7 27. Kh1 Bd7 28. Bd5+ Kh8 29. Be4 Bc6 30. Bxc6 Nxc6 31. Rg1 Nd4 32. f5 g5 33. Qxg5 Qxg5 34. Rxg5 Re3 35. Kh2 Rf6 36. Rfg2 Re8 37. Rh5 h6 38. Ng6+ Kh7 39. Nh4 Re5 40. Rg6 Rxg6 41. fxg6+ Kg7 42. Rxe5 dxe5 43. Kg3 Nxc2 44. Kg4 Ne3+ 45. Kf3 Nc2 46. Ke4 Na1 47. Kxe5 Nxb3 48. Kd5 Nc1 49. Nf5+ Kxg6 50. Nd6 Nxd3 51. Kc4 Ne5+ 52. Kxc5 b3 53. Ne4 Kf5 54. Nc3 Kf4 55. Kb4 b2 56. Kb3 Nd3 57. Kc2 Nf2 58. Kxb2 Nxh3 59. Kc2 Ng1 60. Kd2 h5 61. Nd5+ Kf3 62. Ke1 h4 63. Kf1 Ne2 64. Ne7 h3 65. Ng6 h2 66. Ne5+ Kg3 67. Kxe2 h1=Q 68. Nd3 Qg2+ 69. Ke3 Qf3+ 70. Kd4 Qg4+ 71. Kd5 Qd7+ 72. Ke4 Qe7+ 73. Kd4 Kf3 74. Ne5+ Ke2 75. Kd5 Ke3 76. Nc4+ Kf4 77. Kd4 Qd7+ 78. Kc3 Ke4 79. Nd2+ Kd5 80. Kd3 Qh3+ 81. Ke2 Qg2+ 82. Kd3 Qg3+ 83. Kc2 Qf2 84. Kd3 Qd4+ 85. Kc2 Qa4+ 86. Kd3 Qa6+ 87. Ke3 Ke5 88. Nf3+ Kf5 89. Nd2 Qh6+ 90. Kd3 Kf4 91. Nc4 Qc6 92. Kd4 1/2-1/2


[Site "https://www.chess.com"]

[Event "Titled Tuesday Blitz June 13 Early 2023"]
[White "gau_npukyputb"]
[Black "kuanysh1981"]
[WhiteElo "2724"]
[BlackElo "2538"]
[Result "1-0"]
[Round "11"]
[TimeControl "180+2"]
[Date "2023.06.13"]
[WhiteClock "0:00:53"]
[BlackClock "0:00:50"]
[Board "35"]

1. f4 Nf6 2. d3 d5 3. Nf3 c5 4. Nbd2 d4 5. e4 dxe3 6. Nc4 Ng4 7. Nxe3 Nc6 8. h3 Nxe3 9. Bxe3 e6 10. g4 Be7 11. Bg2 O-O 12. O-O Bd7 13. c3 Rc8 14. Qe2 Bd6 15. Rad1 b6 16. d4 cxd4 17. Nxd4 Nxd4 18. Bxd4 Qc7 19. Qe3 Rcd8 20. Be5 Bb5 21. Bxd6 Rxd6 22. Rxd6 Qxd6 23. Re1 h6 24. b3 Rd8 25. c4 Bc6 26. Re2 Bxg2 27. Kxg2 Qd1 28. f5 exf5 29. gxf5 Qb1 30. Rf2 Rd1 31. Qf3 Rg1+ 32. Kh2 Rg6 33. fxg6 1-0


[Site "https://www.chess.com"]

[Event "Titled Tuesday Blitz June 13 Early 2023"]
[White "Mohammad Fahad, Rahman"]
[Black "DanyKopy"]
[WhiteFideId "10207791"]
[WhiteElo "2339"]
[BlackElo "2473"]
[Result "1-0"]
[Round "11"]
[TimeControl "180+2"]
[Date "2023.06.13"]
[WhiteClock "0:00:09"]
[BlackClock "0:00:03"]
[Board "36"]

1. Nf3 Nf6 2. g3 g6 3. Bg2 Bg7 4. O-O O-O 5. d4 d5 6. c4 c6 7. Nc3 Ne4 8. Bf4 Bf5 9. Qb3 Qb6 10. c5 Qxb3 11. axb3 Nd7 12. b4 a6 13. Nh4 Bxd4 14. Nxf5 gxf5 15. Na4 Bg7 16. Rad1 e6 17. f3 Nef6 18. Bd6 Rfd8 19. Nc3 Ne8 20. Be7 Rdc8 21. e4 fxe4 22. fxe4 Nc7 23. Na4 Re8 24. Bd6 Nb5 25. Bf4 e5 26. Bg5 d4 27. Bh3 Nf8 28. Nb6 Rab8 29. Rf5 Ne6 30. Bh4 Nbc7 31. Rdf1 d3 32. Rxf7 d2 33. Rd7 Nd4 34. Rxc7 Rf8 35. Rd1 Bh6 36. Nd7 Rf7 37. Nf6+ Kf8 38. Nxh7+ Kg7 39. Rxf7+ Kxf7 40. Ng5+ Bxg5 41. Bxg5 Nf3+ 42. Kg2 Nxg5 43. Rxd2 Nxe4 44. Re2 Ng5 45. Rxe5 Kf6 46. Rf5+ Kg6 47. Rf4 Rd8 48. Bf5+ Kh5 49. Rh4# 1-0


[Site "https://www.chess.com"]